 Dungeon Crawl Stone Soup version 0.29.1-13-g9f3cf754e1 (webtiles) character file.

Game seed: 2356309169584155041

421 concernfroge the Ducker (level 6, 0/25 HPs)
             Began as a Felid Transmuter on Jan 25, 2023.
             Was a Follower of Vehumet.
             Slain by Natasha (9 damage)
             ... on level 4 of the Dungeon.
             The game lasted 00:17:05 (4137 turns).

concernfroge the Ducker (Felid Transmuter)          Turns: 4137, Time: 00:17:06

Health: 0/25       AC:  2    Str:  6    XL:     6   Next: 62%
Magic:  10/10      EV: 21    Int: 15    God:    Vehumet [*.....]
Gold:   215        SH:  0    Dex: 18    Spells: 4/10 levels left
                                        Lives:  0   Deaths: 1

rFire   . . .      SeeInvis +     - Unarmed
rCold   . . .      Faith    .   (shield unavailable)
rNeg    . . .      Spirit   .   (body armour unavailable)
rPois   .          Reflect  .   (helmet unavailable)
rElec   .          Harm     .   (cloak unavailable)
rCorr   .          Rampage  .   (gloves unavailable)
Will    .....                   (boots unavailable)
Stlth   +++.......              (no amulet)
HPRegen 0.08/turn               (no ring)
MPRegen 0.12/turn               (no ring)

@: appendages (expiring), quick
A: horns 2, very small, claws 1, fangs 3, see invisible, speed 1, shaggy fur 2,
stealthy paws, no weapons or thrown items, no armour, multi-lived
a: End Transformation, Renounce Religion


You were on level 4 of the Dungeon.
You worshipped Vehumet.
Vehumet was aware of your devotion.
You had temporarily grown beastly horns.
You visited 1 branch of the dungeon, and saw 4 of its levels.

You collected 215 gold pieces.

Inventory:

Scrolls
 d - a scroll of fear {unknown}
 e - 2 scrolls of amnesia {unknown}
 i - a scroll of poison {unknown}
 j - 2 scrolls of teleportation {unknown}
 l - 4 scrolls of identify {unknown}
 m - a scroll of immolation {unknown}
 n - a scroll of enchant weapon {unknown}
 r - a scroll of fog {unknown}
 t - a scroll of enchant armour {unknown}
Potions
 b - 2 potions of curing
 c - 2 potions of invisibility {unknown}
 f - a potion of attraction {unknown}
 g - a potion of ambrosia {unknown}
 h - a potion of resistance
 k - 3 potions of berserk rage {unknown}
 o - a potion of mutation {unknown}
 p - a potion of might {unknown}
 q - a potion of magic {unknown}
 s - a potion of flight {unknown}


   Skills:
 - Level 1.0 Fighting
 + Level 6.3 Dodging
 - Level 5.4 Stealth
 - Level 4.9 Unarmed Combat
 + Level 2.5 Spellcasting
 + Level 1.2 Conjurations
 - Level 2.1 Transmutations
 + Level 1.3 Earth Magic


You had 4 spell levels left.
You knew the following spells:

 Your Spells              Type           Power      Damage    Failure   Level
a - Beastly Appendage     Tmut           16%        N/A       9%          1
b - Wereblood             Tmut           8%         N/A       13%         2
c - Stone Arrow           Conj/Erth      10%        3d7       36%         3

Your spell library contained the following spells:

 Spells                   Type           Power      Damage    Failure   Level
 Magic Dart               Conj           20%        1d4       12%         1
 Spider Form              Tmut/Pois      5%         N/A       38%         3
 Ice Form                 Ice/Tmut       5%         N/A       80%         4
 Iskenderun's Battlesphe  Conj           5%         2d6       98%         5
 Iron Shot                Conj/Erth      2%         9d2       100%        6
 Spellforged Servitor     Conj/Summ      1%         N/A       100%        7
 Lehudib's Crystal Spear  Conj/Erth      2%         10d2      100%        8
 Animate Armour           Summ/Erth      Unusable   N/A       N/A         4

Dungeon Overview and Level Annotations

Branches:
Dungeon (4/15)
 Temple: D:4-7

Altars:
Kikubaaqudgha
Vehumet
Xom

Annotations:
D:4 Natasha


Innate Abilities, Weirdness & Mutations

You have temporarily grown beastly horns.
You have sharp claws.
You have razor-sharp teeth.
You have supernaturally acute eyesight. (SInv)
You cover ground quickly. (Speed+)
You are covered in thick fur. (AC +2)
Your paws help you pounce on unaware monsters.
You are incapable of wielding weapons or throwing items.
You cannot wear armour.
You gain extra lives every three experience levels.


Message History

Natasha is nearby!
Natasha is nearby!
Casting: Wereblood (safe; 13% risk of failure)
Confirm with . or Enter, or press ? or * to list all spells.
You grow a pair of large bovine horns.
Natasha hisses angrily.
Natasha casts a spell.
You aren't carrying any items that you can evoke.
Okay, then.
Natasha drinks a potion.
Natasha suddenly seems more resistant.
The shadow imp gestures at you. Pain shoots through your body!
It was a potion of curing.
You feel better. Natasha completely misses you.
You scratch Natasha but do no damage. Your claw misses Natasha.
The shadow imp barely misses you. Natasha casts a spell at you.
You easily resist.
You scratch Natasha but do no damage. You claw Natasha.
Natasha is lightly wounded.
The shadow imp barely misses you.
Natasha stares at you and mumbles some strange words.
The magic dart hits you.
You scratch Natasha. Your headbutt misses Natasha. Your bite misses Natasha.
Natasha is moderately wounded.
The shadow imp hits you. Natasha claws you.
* * * LOW HITPOINT WARNING * * *
You feel better.
Your transformation is almost over.
The shadow imp gestures at you. You resist with significant effort.
Natasha completely misses you.
You barely miss Natasha. Your headbutt misses Natasha.
Natasha is moderately wounded.
The shadow imp hits you.
You scratch Natasha. You headbutt Natasha. Your bite misses Natasha.
Natasha is almost dead.
Natasha misses you. The shadow imp closely misses you.
You completely miss Natasha.
Natasha is almost dead.
Natasha claws you!
You die...

..÷#..... ÷#÷....#
...~~#########
..~~~#.~~~~~~#
...#~#######†##
..~~~#~~~~~~~~####
..~#~#~#########.###
.~†~~#†~~~~##~#....##
..~#~#~#~#~~~~#.@5..#
..~#~#~#~######.h..##
...#~~~#~~~~~~#....##
...############.....##
...##...#####........##
..........#.†.........#
............†...........#
.........##h.#..##....###
.....h...#..##..#.....#


You could see Natasha (resistant) and a shadow imp (summoned).

Vanquished Creatures
  A phantom (D:4)
  A necrophage (D:4)
  A scorpion (D:4)
  A jelly (D:4)
  A hound (D:4)
  An iguana (D:4)
  Natasha (D:4)
  7 gnolls
  11 adders
  2 river rats (D:4)
  3 worms
  3 dart slugs
  12 orcs
  8 endoplasms
  3 giant cockroaches
  8 goblins
  9 hobgoblins
  5 jackals
  7 kobolds
  2 quokkas
  6 ball pythons
  5 bats
  2 frilled lizards (D:1)
  12 rats
112 creatures vanquished.

Notes
Turn   | Place    | Note
-------+----------+-------------------------------------------
     0 | D:1      | concernfroge the Felid Transmuter began the quest for the
                  | Orb.
     0 | D:1      | Reached XP level 1. HP: 9/9 MP: 4/4
   211 | D:1      | Reached skill level 3 in Dodging
   211 | D:1      | Reached skill level 1 in Stealth
   211 | D:1      | Found a faded altar of an unknown god.
   317 | D:1      | Reached XP level 2. HP: 12/12 MP: 6/6
   320 | D:1      | Learned a level 2 spell: Wereblood
  1126 | D:2      | Reached XP level 3. HP: 15/15 MP: 3/7
  1626 | D:3      | Reached skill level 4 in Dodging
  1627 | D:3      | Reached XP level 4. HP: 19/19 MP: 5/8
  1656 | D:3      | You fall into a shaft and drop 1 floor!
  1656 | D:4      | Found a shimmering altar of Xom.
  1656 | D:4      | Found a radiant altar of Vehumet.
  1656 | D:4      | Found an ancient bone altar of Kikubaaqudgha.
  1696 | D:4      | Noticed a scorpion
  2432 | D:3      | Reached XP level 5. HP: 13/22 MP: 9/9
  3118 | D:4      | Reached skill level 5 in Dodging
  3213 | D:4      | Gained mutation: You are covered in thick fur. (AC +2)
                  | [Felid growth]
  3213 | D:4      | Reached XP level 6. HP: 25/25 MP: 6/10
  3357 | D:4      | Reached skill level 5 in Stealth
  3541 | D:4      | Frozen to death by an endoplasm
  3542 | D:4      | Reached XP level 5. HP: -1/22 MP: 9/9
  3546 | D:4      | Became a worshipper of Vehumet
  3646 | D:4      | Noticed a phantom
  3655 | D:4      | Learned a level 3 spell: Stone Arrow
  3675 | D:4      | Noticed Natasha
  3690 | D:4      | Killed Natasha
  3691 | D:4      | Reached XP level 6. HP: 25/25 MP: 8/10
  3694 | D:4      | Reached skill level 6 in Dodging
  3698 | D:4      | Reached skill level 1 in Conjurations
  3698 | D:4      | Reached skill level 1 in Earth Magic
  4023 | D:4      | Reached * piety under Vehumet
  4023 | D:4      | Offered knowledge of Magic Dart by Vehumet.
  4096 | D:4      | Noticed Natasha
  4137 | D:4      | Slain by Natasha

Illustrated notes

Levels and vault maps discovered:
D:1:      minmay_arrival_semitransparent, layout_loops_ring,
          chequers_ecumenical_altar_lobes
D:2:      layout_basic
D:3:      layout_basic, guppyfry_early_orc_mine
D:4:      layout_cave_pools, grunt_temple_overflow_open,
          lightli_sewer_entry_pipes, hangedman_minor_gate_pass, uniq_natasha

Skill      XL: |  1  2  3  4  5  6 |
---------------+-------------------+-----
Dodging        | 3 4 5 6 |  6.3
Stealth        | 1 2 3 4 5 |  5.4
Unarmed Combat | 4 |  4.9
Conjurations   | 1 |  1.2
Earth Magic    | 1 |  1.3
Fighting       | |  1.0
Spellcasting   | |  2.5
Transmutations | |  2.1

Action                   |  1- 3 |  4- 6 || total
-------------------------+-------+-------++-------
Melee: Unarmed           |    98 |   236 ||   334
       Headbutt          |     9 |     4 ||    13
       Punch             |     6 |     7 ||    13
       Bite              |     8 |    20 ||    28
 Cast: Beastly Appendage |     4 |     5 ||     9
       Wereblood         |     3 |    10 ||    13
  Use: Potion            |       |     4 ||     4
 Stab: Sleeping          |     5 |     5 ||    10
Armor: Skin              |     6 |    78 ||    84
Dodge: Dodged            |    69 |   209 ||   278
